 Dungeon Crawl Stone Soup version 0.30-a0-305-g026cb31310 (webtiles) character file.

Game seed: 1634265575855802828

108 selen22 the Sneak (level 5, 0/33 HPs)
             Began as a Kobold Brigand on Oct 21, 2022.
             Was an Initiate of Gozag.
             Slain by a black bear (1 damage)
             ... on level 3 of the Dungeon.
             The game lasted 00:03:02 (2500 turns).

selen22 the Sneak (Kobold Brigand)                  Turns: 2500, Time: 00:03:02

Health: 0/33       AC:  3    Str:  8    XL:     5   Next: 12%
Magic:  5/5        EV: 14    Int: 12    God:    Gozag
Gold:   96         SH:  0    Dex: 19    Spells: 4/4 levels left

rFire   . . .      SeeInvis .    j - +3 short sword
rCold   . . .      Faith    .    (no shield)
rNeg    . . .      Spirit   .    b - +0 robe
rPois   .          Reflect  .    (no helmet)
rElec   .          Harm     .    c - +0 cloak
rCorr   .          Rampage  .    (no gloves)
Will    .....                    (no boots)
Stlth   ++++......               (no amulet)
HPRegen 0.25/turn                (no ring)
MPRegen 0.09/turn                (no ring)

@: gold aura
A: small, no large weapons, nightstalker 3
a: Renounce Religion, Potion Petition, Call Merchant, Bribe Branch


You were on level 3 of the Dungeon.
You worshipped Gozag.
Gozag was noncommittal.
You visited 1 branch of the dungeon, and saw 3 of its levels.

You collected 145 gold pieces.
You paid 49 gold pieces to Gozag.

Inventory:

Hand Weapons
 a - a +2 dagger
 j - a +3 short sword (weapon)
Missiles
 d - 12 poisoned darts (quivered)
 e - 2 curare-tipped darts
Armour
 b - a +0 robe (worn)
 c - a +0 cloak (worn)
Jewellery
 g - a ring of ice
Wands
 n - a wand of paralysis (7)
Scrolls
 f - 2 scrolls of immolation {unknown}
 h - 2 scrolls of teleportation {unknown}
Potions
 i - a potion of magic {unknown}
 k - 2 potions of curing {unknown}
 l - a potion of berserk rage {unknown}
 m - a potion of ambrosia {unknown}


   Skills:
 + Level 4.1 Fighting
 + Level 4.9 Short Blades
 - Level 2.1 Throwing
 - Level 1.2 Dodging
 - Level 5.3 Stealth


You had 4 spell levels left.
You didn't know any spells.
Your spell library contained the following spells:

 Spells                   Type           Power      Damage    Failure   Level
 Blink                    Tloc           0%         N/A       45%         2
 Momentum Strike          Conj/Tloc      0%         3d8       45%         2
 Lesser Beckoning         Tloc           0%         N/A       69%         3
 Summon Guardian Golem    Hex/Summ       0%         N/A       69%         3
 Orb of Destruction       Conj           0%         9d5       100%        7
 Spellforged Servitor     Conj/Summ      0%         N/A       100%        7


Dungeon Overview and Level Annotations

Branches:
Dungeon (3/15)

Altars:
Gozag

Shops:
D:1 [   D:3 :


Innate Abilities, Weirdness & Mutations

You are small and have problems with some larger weapons.
You are completely attuned to the shadows.


Message History

The adder poisons you!
You hit the adder.
The adder is heavily wounded.
You feel sick.
A hobgoblin comes into view.
The adder misses you.
You hit the adder.
The adder is severely wounded.
You feel sick. The adder bites you.
You hit the adder.
You kill the adder!
You feel sick.
The black bear shakes off its lethargy.
The black bear goes berserk!
You closely miss the hobgoblin. The hobgoblin closely misses you.
You hit the hobgoblin.
You kill the hobgoblin!
You feel sick.
You hit the black bear but do no damage.
The black bear is severely wounded.
You feel sick.
The black bear bites you but does no damage.
The black bear claws you. The black bear completely misses you.
You hit the black bear but do no damage.
The black bear is severely wounded.
You feel sick. The black bear bites you. The black bear claws you. x2
* * * LOW HITPOINT WARNING * * *
You feel sick.
You are no longer poisoned.
The black bear misses you.
The black bear claws you but does no damage.
The black bear barely misses you.
Okay, then.
You barely miss the black bear.
The black bear is almost dead.
The black bear bites you but does no damage.
The black bear claws you.
* * * LOW HITPOINT WARNING * * *
The black bear claws you.
You die...
Your body crumbles into a pile of gold.

.....####
........
......#### .#
.........#####.#
...(............
####$#.#.......#
#.#.#.##.####
#h###.##.#####
#.@.#.##.....#
## ###.# #####.#
#. ... #.# #<
#### #.# #. #.#
#. #.# #. #.# #.
#.#####.
#....##.


You could see a black bear (berserk, poisoned).

Vanquished Creatures
  4 adders
  2 worms (D:2)
  A dart slug (D:3)
  4 orcs
  6 endoplasms
  2 giant cockroaches
  3 goblins
  6 hobgoblins
  7 jackals
  6 kobolds
  4 ball pythons
  4 bats
  6 frilled lizards
  4 rats
59 creatures vanquished.

Notes
Turn   | Place    | Note
-------+----------+-------------------------------------------
     0 | D:1      | selen22 the Kobold Brigand began the quest for the Orb.
     0 | D:1      | Reached XP level 1. HP: 12/12 MP: 1/1
   141 | D:1      | Reached XP level 2. HP: 16/18 MP: 2/2
   303 | D:1      | Found Beam's Armour Boutique.
   506 | D:1      | Reached XP level 3. HP: 23/23 MP: 3/3
  1447 | D:2      | Reached XP level 4. HP: 28/28 MP: 4/4
  2410 | D:3      | Found an opulent altar of Gozag.
  2423 | D:3      | Found Otefasomn's Book Boutique.
  2440 | D:3      | Became a worshipper of Gozag Ym Sagoz the Greedy
  2451 | D:3      | Reached XP level 5. HP: 33/33 MP: 5/5
  2481 | D:3      | Noticed a black bear
  2500 | D:3      | HP: 1/33 [black bear (5)]
  2500 | D:3      | Slain by a black bear

Illustrated notes

Levels and vault maps discovered:
D:1:      dreamdust_arrival_beginning_and_end, layout_loops_ring, serial_shops,
          shop, item_on_display_a
D:2:      layout_loops_ring, serial_aquarium, aquarium_bridge_island_small
          [aquarium_subvault_small_open, aquarium_subvault_bridge,
          aquarium_subvault_window, aquarium_subvault_window,
          aquarium_subvault_wall], aquarium_window_1, aquarium_window_2,
          aquarium_window_2, aquarium_window_1, aquarium_view_2a,
          aquarium_balcony_1a
D:3:      layout_basic, tgw_trog, lemuel_crystal_altar, demons_altar,
          serial_shops, shop

Skill      XL: |  1  2  3  4 |
---------------+-------------+-----
Short Blades   | 3 4 |  4.9
Fighting       | 3 4 |  4.1
Throwing       | |  2.1
Dodging        | |  1.2
Stealth        | |  5.3

Action                   |  1- 3 |  4- 6 || total
-------------------------+-------+-------++-------
Melee: Dagger            |    37 |       ||    37
       Punch             |     1 |     1 ||     2
       Short sword       |    37 |    37 ||    74
Throw: Dart              |       |     1 ||     1
 Stab: Sleeping          |    21 |     9 ||    30
       Distracted        |       |     1 ||     1
Armor: Robe              |    14 |    11 ||    25
Dodge: Dodged            |    23 |    24 ||    47

Table legend: (Time is in decaauts)
 A = Elapsed time spent in this place.
 B = Non-inter-level travel time spent in this place.
 C = Inter-level travel time spent in this place.
 D = Time resting spent in this place.
 E = Time spent auto-exploring this place.
 F = Levels seen in this place.
 G = Mean time per level.
                   A        B        C        D        E       F      G
               +--------+--------+--------+--------+--------+-----+--------+
         Total |   2479 |   2424 |     55 |    498 |   1607 |   3 |  826.3 |
       Dungeon |   2479 |   2424 |     55 |    498 |   1607 |   3 |  826.3 |
               +--------+--------+--------+--------+--------+-----+--------+

Top non-repeatable levels by time:
     D:2: 1360 daAuts
     D:1: 736 daAuts
     D:3: 383 daAuts
